 Dungeon Crawl Stone Soup version 0.30-a0-591-g3c58d2bc28 (webtiles) character file.

Game seed: 60205285888911351

20914 Cis the Fighter (level 12, -3/116 HPs)
             Began as a Minotaur Berserker on Jan 5, 2023.
             Was a High Priest of Trog.
             Slain by a culicivora (18 damage)
             ... on level 1 of the Spider Nest on Jan 6, 2023.
             The game lasted 00:50:36 (11244 turns).

Cis the Fighter (Minotaur Berserker)               Turns: 11244, Time: 00:50:37

Health: -3/116     AC: 12    Str: 25    XL:     12   Next: 49%
Magic:  11/11      EV: 15    Int:  4    God:    Trog [*****.]
Gold:   553        SH:  0    Dex: 12    Spells: 11/11 levels left

rFire   . . .      SeeInvis .    Y - +2 lajatang (heavy)
rCold   + . .      Faith    .    (shield currently unavailable)
rNeg    . . .      Spirit   .    I - +2 leather armour {rPois}
rPois   +          Reflect  .    (helmet restricted)
rElec   .          Harm     .    a - +2 cloak
rCorr   .          Rampage  .    u - +0 pair of gloves
Will    .....                    f - +0 pair of boots
Stlth   +                        Q - amulet of the acrobat
HPRegen 0.39/turn                g - ring of protection from cold
MPRegen 0.12/turn                T - +4 ring of slaying

@: confused
A: horns 2, retaliatory headbutt
a: Renounce Religion, Berserk, Trog's Hand, Brothers in Arms


You were on level 1 of the Spider Nest.
You worshipped Trog.
Trog was extremely pleased with you.
You visited 3 branches of the dungeon, and saw 13 of its levels.

You collected 649 gold pieces.
You spent 96 gold pieces at shops.

Inventory:

Hand Weapons
 M - a +4 quarterstaff of flaming
 Y - a +2 heavy lajatang (weapon)
Missiles
 q - 2 boomerangs (quivered)
 s - a throwing net
 U - 6 poisoned darts
Armour
 a - a +2 cloak (worn)
 f - a +0 pair of boots (worn)
 h - a +1 leather armour of willpower
 u - a +0 pair of gloves (worn)
 I - a +2 leather armour of poison resistance (worn)
 K - +0 steam dragon scales
 S - +0 acid dragon scales
Jewellery
 g - a ring of protection from cold (left hand)
 n - a ring of poison resistance
 w - a ring of willpower
 O - a +4 ring of protection
 Q - an amulet of the acrobat (around neck)
 T - a +4 ring of slaying (right hand)
 X - a ring of positive energy
Wands
 H - a wand of roots (5)
 J - a wand of paralysis (8)
 L - a wand of flame (36)
 P - a wand of quicksilver (5)
Scrolls
 c - 9 scrolls of identify
 e - 2 scrolls of noise {unknown}
 i - 3 scrolls of vulnerability
 j - 3 scrolls of fear
 k - a scroll of silence {unknown}
 m - 7 scrolls of teleportation
 r - a scroll of blinking {unknown}
 y - 4 scrolls of fog {unknown}
 A - 4 scrolls of immolation {unknown}
 B - a scroll of summoning
 D - 2 scrolls of poison {unknown}
 F - a scroll of amnesia {unknown}
 G - 4 scrolls of enchant armour {unknown}
 V - 3 scrolls of enchant weapon {unknown}
 Z - a scroll of magic mapping {unknown}
Potions
 b - 2 potions of magic
 d - 3 potions of attraction
 l - 2 potions of flight
 o - a potion of mutation {unknown}
 p - 4 potions of lignification
 t - 5 potions of haste
 v - 2 potions of brilliance
 x - a potion of might {unknown}
 z - 4 potions of curing
 C - a potion of heal wounds {unknown}
 N - a potion of cancellation
 R - 4 potions of resistance
 W - 6 potions of ambrosia
Miscellaneous
 E - a piece from Xom's chessboard (15/15)


   Skills:
 + Level 13.8 Fighting
 + Level 6.9(11.0) Maces & Flails
 - Level 13.3(14.0) Staves
 + Level 4.2 Throwing
 + Level 7.9 Armour
 + Level 9.6 Dodging
 + Level 5.3 Stealth


You had 11 spell levels left.
You didn't know any spells.
Your spell library was empty.

Dungeon Overview and Level Annotations

Branches:
Dungeon (10/15)            Temple (0/1) D:7            Lair (2/5) D:10
 Shoals (0/4) Lair:2       Spider (1/4) Lair:2
    Orc: D:9-12

Altars:
Cheibriados
Elyvilon
Fedhas
Gozag
Kikubaaqudgha
Okawaru
Qazlal
Uskayaw
Xom
Yredelemnul

Shops:
D:8 ?


Innate Abilities, Weirdness & Mutations

You have a pair of horns on your head.
You reflexively headbutt those who attack you in melee.


Message History

The tarantella touches you!
A culicivora and a tarantella come into view.
Found a book of Unlife.
The tarantella completely misses you. The tarantella touches you.
You barely miss the tarantella. The tarantella touches you.
You are more confused.
You closely miss the tarantella. Your headbutt misses the tarantella.
The tarantella touches you but does no damage.
The tarantella touches you!
You are more confused.
The culicivora bites you!
The culicivora draws strength from your injuries!
The tarantella touches you but does no damage.
The tarantella touches you. The culicivora bites you!!
The culicivora draws strength from your injuries!
You bump into the rock wall.
The culicivora bites you but does no damage.
The tarantella touches you. x2
You are more confused.
You bump into the rock wall.
The culicivora completely misses you.
The tarantella touches you but does no damage.
The tarantella touches you. The tarantella touches you!
You are more confused.
The culicivora completely misses you. The tarantella barely misses you.
You hit the culicivora.
The culicivora is lightly wounded.
The tarantella closely misses you. The culicivora bites you!
* * * LOW HITPOINT WARNING * * *
The culicivora draws strength from your injuries!
The tarantella touches you!
* * * LOW HITPOINT WARNING * * *
The tarantella attacks as you move away!
The tarantella completely misses you. The culicivora misses you.
The tarantella completely misses you. The tarantella touches you.
* * * LOW HITPOINT WARNING * * *
You are more confused.
The culicivora completely misses you.
You're too confused to move!
The tarantella barely misses you. The culicivora bites you!!
You die...

#####.....<..#..#..##..#^........
..........##.#...##.#......#..
...........####...###...##.#..
......#.......##..#......###..
.#...##........#..#.....^#....
#...#.........#.###....##.... #..
#......######.##..##..... ...
#...[..s.....:.##.#...#^.
#....##.s@.......###..####
#....##..s#^...... #..#
^....#....#^..#... ####
.....#....##^.# #. .#.. #.....
### #.#... ###... ##.


You could see a culicivora and 2 tarantellas.

Vanquished Creatures
  An entropy weaver (Spider:1)
  A radroach (Spider:1)
  2 two-headed ogres (D:9)
  A boulder beetle (Spider:1)
  A steelbarb worm (Spider:1)
  2 deep elf zephyrmancers (D:9)
  A manticore (Lair:2)
  A moth of wrath (Spider:1)
  4 cane toads
  4 komodo dragons
  A queen bee (Lair:1)
  A wind drake (Lair:2)
  A polar bear (Lair:2)
  3 blink frogs (Lair:1)
  Grinder (D:3)
  5 culicivoras
  A shadow (D:9)
  6 jumping spiders (Spider:1)
  A wyvern (Lair:2)
  14 yaks
  A vampire (D:10)
  2 wraiths
  2 basilisks
  3 redbacks (Spider:1)
  A steam dragon (D:8)
  An acid dragon (D:10)
  2 wargs (D:10)
  2 water moccasins
  A swamp drake (D:9)
  2 ice beasts (D:7)
  3 black bears
  4 orc warriors
  2 ogres
  12 wolves
  4 centaurs
  3 phantoms
  A kobold brigand (D:6)
  7 bullfrogs
  3 necrophages
  4 scorpions
  3 wights (D:8)
  29 killer bees
  4 howler monkeys
  A crimson imp (D:9)
  7 hounds
  5 orc priests
  6 jellies
  Crazy Yiuf (D:3)
  An iron imp (D:9)
  Natasha (thrice) (D:2)
  3 iguanas
  24 orc wizards
  3 adders
  3 shadow imps
  2 white imps
  2 ufetubi
  A worm (D:2)
  A dart slug (D:2)
  57 orcs
  11 endoplasms
  5 giant cockroaches
  10 hobgoblins
  5 quokkas
  9 ball pythons
  7 bats
  4 frilled lizards
  6 goblins
  13 kobolds
  4 rats
342 creatures vanquished.

Notes
Turn   | Place    | Note
-------+----------+-------------------------------------------
     0 | D:1      | Cis the Minotaur Berserker began the quest for the Orb.
     0 | D:1      | Reached XP level 1. HP: 19/19 MP: 0/0
   107 | D:1      | Found a faded altar of an unknown god.
   148 | D:1      | Reached XP level 2. HP: 23/27 MP: 1/1
   918 | D:2      | Reached XP level 3. HP: 33/33 MP: 2/2
   983 | D:2      | You fall into a shaft and drop 1 floor!
  1075 | D:2      | Noticed Natasha
  1092 | D:2      | Killed Natasha
  1092 | D:2      | Reached ** piety under Trog
  1155 | D:2      | Noticed Natasha
  1170 | D:2      | Killed Natasha
  1171 | D:2      | Reached XP level 4. HP: 28/41 MP: 3/3
  1447 | D:2      | Noticed Natasha
  1457 | D:2      | Killed Natasha
  1458 | D:2      | Reached skill level 5 in Maces & Flails
  2261 | D:3      | Noticed Grinder
  2290 | D:3      | Paralysed by Grinder for 4 turns
  2298 | D:3      | Paralysed by Grinder for 2 turns
  2508 | D:3      | Killed Grinder
  2509 | D:3      | Reached skill level 5 in Fighting
  2509 | D:3      | Reached XP level 5. HP: 35/48 MP: 4/4
  2509 | D:3      | Reached XP level 6. HP: 41/56 MP: 5/5
  2718 | D:3      | Found a large runed translucent door.
  2718 | D:3      | Found a large runed translucent door.
  2744 | D:3      | Found a blossoming altar of Fedhas.
  2782 | D:3      | Found a runed translucent door.
  2783 | D:3      | Noticed Crazy Yiuf
  2788 | D:3      | Killed Crazy Yiuf
  3015 | D:3      | Found an ancient bone altar of Kikubaaqudgha.
  3018 | D:3      | Found an opulent altar of Gozag.
  3498 | D:4      | Found an iron altar of Okawaru.
  3548 | D:4      | Reached skill level 1 in Staves
  3548 | D:4      | Reached XP level 7. HP: 61/61 MP: 6/6
  3674 | D:5      | Entered Level 5 of the Dungeon
  3835 | D:5      | Reached *** piety under Trog
  3906 | D:5      | Reached skill level 1 in Stealth
  3906 | D:5      | HP: 2/61 [acid (5)]
  3917 | D:5      | HP: 1/61 [orc wizard/puff of flame (5)]
  4196 | D:5      | Found a shimmering altar of Xom.
  4224 | D:5      | Reached XP level 8. HP: 43/70 MP: 7/7
  4229 | D:5      | Reached skill level 5 in Staves
  4555 | D:6      | Reached skill level 5 in Dodging
  4730 | D:6      | Reached **** piety under Trog
  4739 | D:6      | Reached skill level 5 in Armour
  5041 | D:6      | Reached XP level 9. HP: 78/78 MP: 8/8
  5440 | D:7      | Identified the +6 rapier of Magnificence {protect, rPois
                  | rF+}
  5617 | D:7      | Found a staircase to the Ecumenical Temple.
  5958 | D:7      | Found a white marble altar of Elyvilon.
  5993 | D:7      | Found a basalt altar of Yredelemnul.
  6043 | D:7      | Reached skill level 10 in Staves
  6245 | D:8      | Found a stormy altar of Qazlal.
  6355 | D:8      | Reached ***** piety under Trog
  6379 | D:8      | Received a gift from Trog
  6512 | D:8      | Found Weco's Magic Scroll Shop.
  6522 | D:8      | Bought a scroll of identify for 24 gold pieces
  6528 | D:8      | Bought a scroll of identify for 24 gold pieces
  6528 | D:8      | Bought a scroll of identify for 24 gold pieces
  6528 | D:8      | Bought a scroll of identify for 24 gold pieces
  6935 | D:9      | Reached XP level 10. HP: 88/88 MP: 9/9
  6996 | D:9      | Noticed a deep elf zephyrmancer
  6999 | D:9      | Killed a deep elf zephyrmancer
  7003 | D:9      | Noticed a deep elf zephyrmancer
  7008 | D:9      | Killed a deep elf zephyrmancer
  7324 | D:9      | Noticed a two-headed ogre
  7334 | D:9      | Killed a two-headed ogre
  7483 | D:9      | Noticed a +0 dagger
  7483 | D:9      | Noticed a +0 dagger
  7484 | D:9      | Noticed a +0 falchion
  7484 | D:9      | Noticed a +0 spear
  7484 | D:9      | Noticed a +0 short sword
  7487 | D:9      | Noticed a +0 falchion
  7487 | D:9      | Noticed a +0 spear
  7490 | D:9      | Noticed a +0 short sword
  7503 | D:9      | Found a hide-covered altar of Uskayaw.
  7551 | D:9      | Found a snail-covered altar of Cheibriados.
  7717 | D:9      | Noticed a two-headed ogre
  7723 | D:9      | Killed a two-headed ogre
  7871 | D:10     | Entered Level 10 of the Dungeon
  7884 | D:10     | Reached skill level 1 in Throwing
  8283 | D:10     | Reached XP level 11. HP: 95/99 MP: 10/10
  8365 | D:10     | Found a staircase to the Lair.
  8374 | Lair:1   | Entered Level 1 of the Lair of Beasts
  8455 | Lair:1   | Reached skill level 10 in Fighting
  9368 | Lair:2   | Received a gift from Trog
  9461 | Lair:2   | Found a hole to the Spider Nest.
  9567 | Lair:2   | Found a staircase to the Shoals.
  9785 | Lair:2   | Reached XP level 12. HP: 113/113 MP: 11/11
 10109 | Spider:1 | Entered Level 1 of the Spider Nest
 10302 | Spider:1 | Noticed a radroach
 10332 | Spider:1 | HP: 4/115 [radroach (59)]
 10333 | Spider:1 | Killed a radroach
 10715 | Spider:1 | Reached skill level 5 in Stealth
 10832 | Spider:1 | Noticed an entropy weaver
 10849 | Spider:1 | Killed an entropy weaver
 11093 | Spider:1 | Noticed a boulder beetle
 11103 | Spider:1 | Killed a boulder beetle
 11244 | Spider:1 | Slain by a culicivora

Illustrated notes

Levels and vault maps discovered:
D:1:      nzn_arrival_settlement, layout_basic, basic_ecumenical_altar,
          kennysheep_nondescript
D:2:      layout_loops_corners, uniq_natasha
D:3:      layout_basic, mainiacjoe_overflow_tiny_flanked, jmf_multi_god_temple2,
          grunt_decor_clamped, st_stairs_7, uniq_grinder,
          uniq_crazy_yiuf_cottage
D:4:      layout_loops_cross, mainiacjoe_overflow_alcove_2
D:5:      layout_basic, xom_butterflies
D:6:      layout_cave_pools, roderic_cross_of_infinity
D:7:      layout_loops_ring, amcnicky_altar_gilded, yredelemnul_altar_generic,
          minmay_temple_entry_fiery
D:8:      layout_rooms, overflow_temple_1_default, serial_shops, shop
D:9:      layout_stronghold, nicolae_uskayaw_en_pointe, lemuel_round_altar,
          hangedman_minor_magic
D:10:     layout_irregular_city, erik_lair_orcish_takeover
Lair:1:   layout_cellular_growth, special_room [special_room_bee], minivault_24,
          grunt_megastairs_2
Lair:2:   layout_roguey, minmay_shoals_entry_beasts,
          hellmonk_spider_entry_life_and_decay, infiniplex_staircase_pool_2
Spider:1: layout_spider_delve, drop_trap, nicolae_spider_nooks_and_crannies

Skill      XL: |  1  2  3  4  5  6  7  8  9 10 11 12 |
---------------+-------------------------------------+-----
Maces & Flails | 4 6 |  6.9
Fighting       | 4 5 6 8 9 12 13 | 13.8
Armour         | 3 4 5 6 7 |  7.9
Dodging        | 3 4 5 6 7 8 9 |  9.6
Staves         | 1 4 8 11 13 | 13.3
Stealth        | 1 2 4 5 |  5.3
Throwing       | 1 3 4 |  4.2

Action                   |  1- 3 |  4- 6 |  7- 9 | 10-12 || total
-------------------------+-------+-------+-------+-------++-------
Melee: Mace              |    80 |    29 |       |       ||   109
       Headbutt          |     3 |    13 |    46 |    64 ||   126
       Flail             |       |    30 |       |       ||    30
       Quarterstaff      |       |    44 |   258 |   265 ||   567
       Lajatang          |       |       |       |    79 ||    79
Throw: Boomerang         |       |       |       |    15 ||    15
  Use: Scroll            |       |       |     8 |     2 ||    10
 Stab: Sleeping          |       |       |       |     7 ||     7
Armor: Animal skin       |     5 |       |       |       ||     5
       Leather armour    |    18 |    36 |   105 |    78 ||   237
Dodge: Dodged            |    58 |    66 |   119 |   229 ||   472

Table legend: (Time is in decaauts)
 A = Elapsed time spent in this place.
 B = Non-inter-level travel time spent in this place.
 C = Inter-level travel time spent in this place.
 D = Time resting spent in this place.
 E = Time spent auto-exploring this place.
 F = Levels seen in this place.
 G = Mean time per level.
                   A        B        C        D        E       F      G
               +--------+--------+--------+--------+--------+-----+--------+
         Total |  11156 |  10242 |    914 |   1813 |   6617 |  13 |  858.2 |
       Dungeon |   8335 |   7582 |    753 |   1051 |   5135 |  10 |  833.5 |
          Lair |   1686 |   1545 |    141 |    123 |   1135 |   2 |  843.0 |
   Spider Nest |   1134 |   1114 |     20 |    639 |    347 |   1 | 1134.0 |
               +--------+--------+--------+--------+--------+-----+--------+

Top non-repeatable levels by time:
     D:3: 1321 daAuts
     D:2: 1149 daAuts
Spider:1: 1134 daAuts
     D:9: 953 daAuts
  Lair:1: 931 daAuts
     D:7: 859 daAuts
     D:4: 814 daAuts
     D:6: 780 daAuts
  Lair:2: 755 daAuts
     D:5: 670 daAuts
     D:8: 663 daAuts
     D:1: 641 daAuts
    D:10: 481 daAuts
